 Dungeon Crawl Stone Soup version 0.29-a0-22-gbf593b16ee (webtiles) character file.

Game seed: 17499160031816921633

191227 wakim the Brawler (level 17, -6/170 HPs)
             Began as a Troll Hunter on Jan 29, 2022.
             Was a Believer of Yredelemnul.
             Succumbed to a merfolk impaler's poison
             ... on level 1 of the Shoals.
             The game lasted 02:07:38 (32814 turns).

wakim the Brawler (Troll Hunter)                   Turns: 32814, Time: 02:07:39

Health: -6/170     AC: 10    Str: 24    XL:     17   Next: 57%
Magic:  25/25      EV: 18    Int: 14    God:    Yredelemnul [**....]
Gold:   2630       SH: 11    Dex: 16    Spells: 16/16 levels left

rFire   + + .      SeeInvis .     - Unarmed
rCold   + . .      Faith    .   f - +2 kite shield {reflect}
rNeg    + . .      Spirit   .   e - +2 robe {rC+}
rPois   +          Reflect  +   o - +1 hat {Int+3}
rElec   +          Harm     .   q - +2 cloak {Will+}
rCorr   .          Rampage  .   (gloves unavailable)
Will    ++...                   (boots unavailable)
Stlth   ++........              i - amulet of regeneration
HPRegen 1.98/turn               r - ring of poison resistance
MPRegen 0.19/turn               W - ring of Ruosunyg {rElec rF++ rN+ EV+4 Int+4}

@: lethally poisoned (-6 -> -40), studying Necromancy
A: large, unfitting armour, claws 3, regeneration 1, shaggy fur 1, tough skin 1
}: 1/15 runes: serpentine
a: Renounce Religion, Recall Undead Harvest, Dark Bargain


You were on level 1 of the Shoals.
You worshipped Yredelemnul.
Yredelemnul was pleased with you.
You visited 6 branches of the dungeon, and saw 29 of its levels.
You also visited: Sewer.

You collected 3561 gold pieces.
You spent 931 gold pieces at shops.

Inventory:

Missiles
 c - 34 large rocks (quivered) {=f}
 d - 2 javelins
 h - 11 boomerangs
 j - 11 curare-tipped darts {=f}
 n - 9 throwing nets {=f!f}
 p - 12 atropa-tipped darts
 Q - 2 boomerangs of dispersal {=f!f}
Armour
 e - a +2 robe of cold resistance (worn)
 f - a +2 kite shield of reflection (worn)
 o - a +1 hat of intelligence (worn)
 q - a +2 cloak of willpower (worn)
 s - a +2 cloak of preservation
 V - a +2 kite shield of reflection
Jewellery
 a - a ring of protection from cold
 g - an amulet of reflection
 i - an amulet of regeneration (around neck)
 k - a ring of see invisible
 r - a ring of poison resistance (left claw)
 M - a ring of willpower
 P - a ring of protection from fire
 W - the ring of Ruosunyg (right claw) {rElec rF++ rN+ EV+4 Int+4}
   (You found it on level 8 of the Dungeon)

   [ring of evasion]

   EV:        It affects your evasion (+4).
   Int:       It affects your intelligence (+4).
   rF:        It greatly protects you from fire.
   rElec:     It insulates you from electricity.
   rN:        It protects you from negative energy.
Wands
 b - a wand of polymorph (31)
 t - a wand of digging (5)
 u - a wand of mindburst (12)
 v - a wand of flame (36)
 w - a wand of acid (15)
 x - a wand of iceblast (14)
 y - a wand of paralysis (16)
Scrolls
 R - a scroll of magic mapping {!r}
 S - 3 scrolls of summoning
 T - 10 scrolls of teleportation
 U - 3 scrolls of fear
 X - 5 scrolls of fog
 Y - a scroll of blinking {!r}
 Z - a scroll of silence {!r}
Potions
 A - 2 potions of ambrosia
 B - 6 potions of attraction {!q}
 C - 2 potions of berserk rage {!q}
 D - 4 potions of brilliance
 E - a potion of cancellation
 F - 11 potions of curing
 G - 4 potions of flight
 H - 4 potions of haste
 I - a potion of invisibility
 J - 2 potions of heal wounds
 K - 2 potions of magic
 L - 8 potions of lignification {!q}
 N - 4 potions of might
 O - 2 potions of resistance
Miscellaneous
 l - a condenser vane
 m - a phantom mirror
 z - a box of beasts


   Skills:
 + Level 11.1 Fighting
 - Level 12.0 Throwing
 * Level 11.8 Dodging
 - Level 0.3 Stealth
 + Level 4.0 Shields
 + Level 17.6 Unarmed Combat
 + Level 12.7 Invocations
 - Level 6.0 Evocations


You had 16 spell levels left.
You didn't know any spells.
Your spell library contained the following spells:

 Spells                   Type           Power      Damage    Failure   Level
 Magic Dart               Conj           0%         1d3       54%         1
 Sandblast                Erth           0%         2d4       54%         1
 Sting                    Tmut/Pois      0%         1d3       54%         1
 Summon Small Mammal      Summ           0%         N/A       54%         1
 Blink                    Tloc           0%         N/A       69%         2
 Call Imp                 Summ           0%         N/A       69%         2
 Corpse Rot               Necr/Air       0%         N/A       69%         2
 Passwall                 Tmut/Erth      0%         N/A       69%         2
 Poisonous Vapours        Pois/Air       0%         N/A       69%         2
 Sublimation of Blood     Necr           0%         N/A       69%         2
 Call Canine Familiar     Summ           0%         N/A       89%         3
 Gell's Gravitas          Tloc           0%         N/A       89%         3
 Lesser Beckoning         Tloc           0%         N/A       89%         3
 Mephitic Cloud           Conj/Pois/Air  0%         N/A       89%         3
 Ozocubu's Armour         Ice            0%         N/A       89%         3
 Stone Arrow              Conj/Erth      0%         3d7       89%         3
 Summon Guardian Golem    Hex/Summ       0%         N/A       89%         3
 Teleport Other           Tloc           0%         N/A       89%         3
 Tukima's Dance           Hex            0%         N/A       89%         3
 Anguish                  Hex/Necr       0%         N/A       100%        4
 Animate Armour           Summ/Erth      0%         N/A       100%        4
 Ice Form                 Ice/Tmut       0%         N/A       100%        4
 Olgreb's Toxic Radiance  Pois           0%         N/A       100%        4
 Petrify                  Tmut/Erth      0%         N/A       100%        4
 Summon Ice Beast         Ice/Summ       0%         N/A       100%        4
 Alistair's Intoxication  Tmut/Pois      0%         N/A       100%        5
 Borgnjor's Vile Clutch   Necr/Erth      0%         N/A       100%        5
 Irradiate                Conj/Tmut      0%         3d13      100%        5
 Manifold Assault         Tloc           0%         N/A       100%        5
 Metabolic Englaciation   Hex/Ice        0%         N/A       100%        5
 Summon Forest            Summ/Tloc      0%         N/A       100%        5
 Summon Mana Viper        Hex/Summ       0%         N/A       100%        5
 Eringya's Noxious Bog    Tmut/Pois      0%         N/A       100%        6
 Simulacrum               Ice/Necr       0%         N/A       100%        6
 Summon Cactus Giant      Summ           0%         N/A       100%        6
 Enfeeble                 Hex            0%         N/A       100%        7
 Monstrous Menagerie      Summ           0%         N/A       100%        7
 Ozocubu's Refrigeration  Ice            0%         4d5       100%        7
 Storm Form               Tmut/Air       0%         N/A       100%        7
 Ignition                 Fire           0%         3d3       100%        8
 Lehudib's Crystal Spear  Conj/Erth      0%         10d2      100%        8
 Polar Vortex             Ice            0%         N/A       100%        9


Dungeon Overview and Level Annotations

Branches:
Dungeon (15/15)            Temple (1/1) D:6            Lair (6/6) D:9
 Shoals (1/4) Lair:4        Snake (4/4) Lair:3        Slime (0/5) Lair:5
    Orc (2/2) D:10            Elf (0/3) Orc:2        Vaults (0/5) D:14
 Depths (0/4) D:15          Sewer (visited)

Altars:
Cheibriados
Elyvilon
Fedhas
Gozag
Okawaru
Sif Muna
Trog
Uskayaw
Vehumet
Xom
Yredelemnul
The Shining One

Shops:
D:1 (   D:5 [   D:7 =?   D:8 (   Orc:2 [=(*   Snake:1 =[*((:

Portals:
Abyss: D:4

Annotations:
D:7 2 runed translucent doors
Lair:5 2 transporters, Capogack's ghost, journeyman MiFi


Innate Abilities, Weirdness & Mutations

You are too large for most types of armour.
You have claws for hands.
Your natural rate of healing is unusually fast.
You are covered in fur. (AC +1)
You have tough skin. (AC +1)


Message History

Moving in this stuff is going to be slow.
A merfolk impaler comes into view.
It is wielding a +2 demon trident of venom. 2 merfolk come into view.
The merfolk shouts!
A merfolk comes into view. It is wielding a +0 spear.
You block the merfolk impaler's attack.
You closely miss the merfolk impaler.
The merfolk impaler hits you with a +2 demon trident of venom!
You block the merfolk impaler's attack.
You claw the merfolk impaler!
The merfolk impaler is moderately wounded.
The merfolk impaler hits you with a +2 demon trident of venom!
You claw the merfolk impaler!
The merfolk impaler is heavily wounded.
You block the merfolk impaler's attack.
The merfolk throws a throwing net.
The throwing net hits you.
You become entangled in the net!
You struggle against the net.
The merfolk impaler hits you with a +2 demon trident of venom!!
You are poisoned.
The merfolk hits you from afar with a +0 trident.
The merfolk impaler hits you with a +2 demon trident of venom!
You are more poisoned.
The merfolk hits you from afar with a +0 glaive!!
Unknown command.
You struggle against the net.
You feel extremely sick. The merfolk impaler barely misses you.
The merfolk hits you from afar with a +0 trident!
* * * LOW HITPOINT WARNING * * *
The merfolk hits you from afar with a +0 glaive!!
* * * LOW HITPOINT WARNING * * *
The merfolk impaler hits you with a +2 demon trident of venom!!
* * * LOW HITPOINT WARNING * * *
Nikola barely misses the merfolk impaler.
Really read
Y - 2 scrolls of blinking {!r}?
Blink to where?
Press: ? - help, Dir - move target
As you read the scroll of blinking {!r}, it crumbles to dust.
You die...
Your body rises from the dead as a mindless zombie.

###.≈≈≈.....
≈≈≈........≈≈≈###.
≈≈≈........≈≈≈....
≈≈≈≈≈......≈.≈≈≈....≈≈
≈≈≈≈≈≈.......(.≈≈.P..≈≈
.≈≈..≈........P..P.≈≈≈≈ (
≈≈..≈≈≈≈......# ≈≈≈≈≈ .
....≈≈≈≈.....# ..≈.≈≈ #.
##.≈≈≈.@....###m.P.P≈ ..
#.##.≈≈≈≈≈..#)....m≈≈≈≈≈
..###..≈≈≈≈≈≈≈.###.P§.m≈≈≈≈≈
≈.≈....≈≈≈≈≈..(####≈≈Zm≈≈≈≈P.
≈.≈.(...≈≈..#### #^≈≈≈.≈≈≈≈P.
≈≈..........#####.≈≈≈≈≈≈≈....
≈....≈≈≈..........≈≈≈≈≈≈≈....
≈≈≈≈≈≈≈≈≈)........≈≈≈≈≈≈≈.P.P
≈≈≈≈≈≈≈≈≈.)##....≈≈≈≈≈≈≈≈..P.


You could see a merfolk impaler.

Vanquished Creatures
  Nikola (Shoals:1)
  Gastronok (D:10)
  Kirke (D:13)
  Donald (Shoals:1)
  A nagaraja (Snake:4)
  An orc warlord (Orc:2)
  Louise (Snake:3)
  Snorg (D:13)
  Josephine (D:14)
  An ice dragon (D:14)
  A hydra (D:12)
  Harold (D:8)
  4 boulder beetles
  A centaur warrior (D:13)
  Fannar (Lair:3)
  8 naga warriors
  2 salamander tyrants
  5 two-headed ogres
  3 anacondas
  A deep troll earth mage (D:11)
  10 naga sharpshooters
  6 orc high priests
  The ghost of RNPValinor the Spear-Bearer, a journeyman VSFi of Qazlal (D:12)
  6 shock serpents
  A salamander mystic (Snake:3)
  A fire crab (Lair:6)
  A sea snake (Shoals:1)
  2 skeletal warriors
  3 naga ritualists
  A lindwurm (Lair:6)
  6 mana vipers
  6 deep elf pyromancers
  10 ugly things
  A necromancer (D:15)
  2 orc knights (Orc:2)
  2 deep elf zephyrmancers (D:15)
  A wolf spider zombie (D:15)
  2 wolf spiders
  An oklob plant (Lair:1)
  4 cyclopes
  4 orc sorcerers
  7 manticores
  11 salamanders
  A salamander (shapeshifter) (D:14)
  7 naga magi
  20 black mambas
  Joseph (D:8)
  A merfolk siren (Shoals:1)
  2 gargoyles
  16 cane toads
  10 komodo dragons
  4 rime drakes
  2 kobold demonologists
  9 trolls
  A merfolk (Shoals:1)
  3 hornets
  8 polar bears
  A hornet (shapeshifter) (D:14)
  A raiju (shapeshifter) (D:15)
  A meliai zombie (D:10)
  6 slime creatures
  5 raiju (Lair:6)
  A blink frog (Lair:3)
  A dream sheep (Lair:6)
  A shadow (D:9)
  A centaur simulacrum (D:15)
  A vampire (D:9)
  11 wyverns
  27 yaks
  10 wraiths
  A water elemental (D:13)
  2 steam dragons
  10 vampire mosquitoes
  5 wargs
  Edmund (D:6)
  22 nagas
  14 water moccasins
  2 small abominations (D:4)
  The ghost of p0werm0de the Shield-Bearer, an amateur VSFi of Gozag (D:4)
  8 hell hounds (Lair:6)
  9 black bears
  A hornet zombie (D:8)
  23 orc warriors
  2 ice beasts
  The ghost of Angani the Ruffian, an amateur DrGl of Elyvilon (D:3)
  12 ogres
  10 centaurs
  4 necrophages
  9 wolves (Lair:6)
  2 phantoms
  6 kobold brigands
  15 bullfrogs
  A wyvern zombie (D:9)
  A gnoll sergeant (D:9)
  3 scorpions
  A water moccasin skeleton (D:5)
  2 killer bees (D:9)
  2 electric eels
  19 wights
  2 howler monkeys
  A bullfrog zombie (D:7)
  4 centaur zombies
  4 hounds
  6 orc priests
  2 gnoll shamans
  2 iguanas (D:4)
  25 orc wizards
  A killer bee zombie (D:8)
  A hound skeleton (D:5)
  13 gnolls
  25 adders
  A river rat (Sewer)
  A shadow imp (D:4)
  2 white imps
  An ufetubus (D:7)
  4 worms
  2 dart slugs
  37 orcs
  11 ball pythons
  7 bats
  4 endoplasms
  7 giant cockroaches
  5 goblins
  8 hobgoblins
  4 jackals (D:1)
  3 quokkas
  6 frilled lizards
  17 kobolds
  An orc zombie (Orc:1)
  10 rats
684 creatures vanquished.

Vanquished Creatures (collateral kills)
  2 nagarajas (Snake:4)
  Aizul (Snake:4)
  The ghost of Yorgos the Fencer, a journeyman MiBe of Trog (D:12)
  Nessos (D:13)
  3 boulder beetles
  7 hydras
  The ghost of Yorgos the Cleaver, a journeyman DsBe of Trog (D:12)
  4 naga warriors
  A catoblepas (Lair:5)
  2 centaur warriors
  8 anacondas
  2 death knights
  An alligator (Lair:6)
  3 naga sharpshooters
  2 orc high priests
  2 salamander mystics (Snake:4)
  9 naga ritualists
  A wizard (D:15)
  A wolf spider (Lair:6)
  6 mana vipers
  3 manticores
  3 ugly things
  An oklob plant (Lair:1)
  2 cyclopes
  2 elephants (Lair:2)
  2 centaur zombies (D:11)
  8 salamanders
  14 black mambas
  4 guardian serpents
  2 naga magi
  A gargoyle (D:12)
  10 cane toads
  An efreet (D:13)
  5 komodo dragons
  A troll (D:7)
  A merfolk (Shoals:1)
  3 polar bears (Lair:6)
  A slime creature (Lair:5)
  A wind drake (Lair:4)
  A hornet (Lair:1)
  Prince Ribbit (Lair:3)
  3 dream sheep (Lair:6)
  A raiju (Lair:6)
  3 blink frogs
  4 wraiths
  A shadow (D:9)
  A redback (Lair:6)
  2 wyverns (Lair:6)
  12 yaks
  A vampire mosquito (D:14)
  3 basilisks
  2 wargs
  9 nagas
  3 hell hounds (Lair:6)
  7 water moccasins
  11 orc warriors
  5 black bears (Lair:6)
  An ogre (Orc:1)
  2 wolves (Lair:6)
  2 centaurs
  A bullfrog (Lair:2)
  A killer bee (D:9)
  2 electric eels
  A jelly (Lair:5)
  3 orc priests
  A centaur skeleton (D:6)
  9 orc wizards
  3 adders
  A gnoll (D:9)
  18 orcs
  A hobgoblin (D:3)
  A kobold (D:9)
  A ball python (D:3)
241 creatures vanquished.

Vanquished Creatures (others)
  2 anaconda zombies
  An ugly thing zombie (D:11)
  A black mamba (Snake:2)
  A shock serpent zombie (Snake:4)
  2 spectral mana vipers (Snake:4)
  A wind drake (Shoals:1)
  A human (D:13)
  A naga (Snake:1)
  An elf zombie (D:9)
  A human zombie (D:8)
  A blink frog zombie (Lair:3)
  2 wolves (Lair:6)
  11 naga zombies
  4 vampire mosquito zombies
  A troll zombie (D:13)
  A komodo dragon zombie (Lair:3)
  2 salamander zombies (Snake:4)
  2 hell hound zombies (Lair:6)
  3 warg zombies (Lair:6)
  A wyvern zombie (Lair:6)
  2 water moccasin zombies (Lair:6)
  3 yak zombies
  A polar bear zombie (Lair:6)
  3 howler monkeys (D:13)
  2 wolf zombies (Lair:6)
  2 bullfrog zombies
  5 black bear zombies
  3 centaur zombies
  2 killer bee zombies (D:9)
  2 ogre zombies
  A howler monkey zombie (D:11)
  A spectral white imp (D:6)
  An electric eel zombie (D:8)
  An orc (D:9)
  5 gnoll zombies
  2 kobold zombies (D:10)
  24 orc zombies
  118 fungi
  185 plants
403 creatures vanquished.

Grand Total: 1328 creatures vanquished

Notes
Turn   | Place    | Note
-------+----------+-------------------------------------------
     0 | D:1      | wakim the Troll Hunter began the quest for the Orb.
     0 | D:1      | Reached XP level 1. HP: 19/19 MP: 0/0
    31 | D:1      | !bestwep
    46 | D:1      | Reached XP level 2. HP: 28/28 MP: 1/1
    72 | D:1      | Reached skill level 1 in Unarmed Combat
   259 | D:1      | Found Upreiqo's Antique Weapon Emporium.
   372 | D:1      | Found a faded altar of an unknown god.
   958 | D:2      | Reached XP level 3. HP: 32/35 MP: 2/2
  1259 | D:2      | !bestwep
  1471 | D:2      | Reached skill level 2 in Unarmed Combat
  1902 | D:3      | Reached XP level 4. HP: 32/42 MP: 3/3
  2055 | D:3      | Found a runed translucent door.
  2055 | D:3      | Noticed Angani's ghost (amateur DrGl)
  2161 | D:2      | Reached XP level 5. HP: 31/50 MP: 0/4
  2207 | D:3      | Reached skill level 3 in Unarmed Combat
  2328 | D:3      | Got the Grimoire of Ointment
  2629 | D:3      | Killed Angani's ghost
  2696 | D:4      | Found a transporter.
  2702 | D:4      | Found a transporter.
  2767 | D:4      | Reached XP level 6. HP: 59/59 MP: 5/5
  2939 | D:4      | Noticed a small abomination
  2939 | D:4      | Noticed p0werm0de's ghost (amateur VSFi)
  3025 | D:4      | Reached skill level 4 in Unarmed Combat
  3910 | D:4      | Found a one-way gate to the infinite horrors of the Abyss.
  3922 | D:5      | Entered Level 5 of the Dungeon
  4051 | D:5      | Reached XP level 7. HP: 67/67 MP: 6/6
  4089 | D:5      | Found a glowing drain.
  4093 | Sewer    | Entered a sewer
  4548 | D:5      | Reached skill level 5 in Unarmed Combat
  4684 | D:5      | Reached skill level 5 in Throwing
  4839 | D:5      | Found a basalt altar of Yredelemnul.
  4841 | D:5      | Noticed a profane servitor
  4846 | D:5      | Found a glowing golden altar of the Shining One.
  4848 | D:5      | Noticed an angel
  4859 | D:5      | Became a worshipper of Yredelemnul the Dark
  5149 | D:5      | Found Cubat's Armour Shoppe.
  5251 | D:6      | Reached XP level 8. HP: 73/78 MP: 7/7
  5341 | D:6      | Noticed Edmund
  5354 | D:6      | Killed Edmund
  5404 | D:6      | Reached skill level 6 in Unarmed Combat
  5464 | D:6      | Reached * piety under Yredelemnul
  5465 | D:6      | Reached skill level 1 in Invocations
  5580 | D:6      | Found a blossoming altar of Fedhas.
  5607 | D:6      | Reached ** piety under Yredelemnul
  5663 | D:6      | Found a staircase to the Ecumenical Temple.
  5812 | D:6      | Reached skill level 7 in Unarmed Combat
  5848 | D:6      | Identified the +3 ring mail "Geikloz" {Harm rC+ Int-4
                  | Stlth+}
  5856 | D:6      | Reached XP level 9. HP: 75/85 MP: 9/9
  5889 | D:6      | !bestwep
  5894 | Temple   | Entered the Ecumenical Temple
  6164 | D:7      | Found Cotz's Jewellery Shop.
  6458 | D:7      | Found a large runed translucent door.
  6459 | D:7      | Found a large runed translucent door.
  6465 | D:7      | Noticed a troll
  6466 | D:7      | Noticed a manticore
  6478 | D:7      | Found a large runed translucent door.
  6478 | D:7      | Found a large runed translucent door.
  6636 | D:7      | Noticed a deep elf pyromancer
  6672 | D:7      | Killed a deep elf pyromancer
  6673 | D:7      | Reached skill level 8 in Unarmed Combat
  6678 | D:7      | Reached skill level 5 in Dodging
  6686 | D:7      | Reached skill level 5 in Fighting
  6688 | D:7      | !bestwep
  6799 | D:7      | Reached *** piety under Yredelemnul
  6802 | D:7      | Noticed a troll
  6810 | D:7      | Killed a troll
  6942 | D:7      | Found Mouxul's Magic Scroll Emporium.
  6947 | D:7      | Bought a scroll of identify for 24 gold pieces
  6947 | D:7      | Bought a scroll of identify for 24 gold pieces
  7089 | D:8      | Identified the ring of Ruosunyg {rElec rF++ rN+ EV+4 Int+4}
  7119 | D:8      | Noticed Harold
  7139 | D:8      | Noticed Joseph
  7290 | D:8      | Reached XP level 10. HP: 87/96 MP: 11/11
  7354 | D:8      | Found Poomm's Weapon Boutique.
  7359 | D:8      | Bought 2 poisoned darts for 10 gold pieces
  7623 | D:8      | Reached skill level 9 in Unarmed Combat
  7685 | D:8      | Killed Harold
  7805 | D:8      | Your ally Harold died
  8000 | D:8      | Killed Joseph
  8123 | D:9      | !bestwep
  8179 | D:9      | Found a staircase to the Lair.
  8427 | D:9      | Reached skill level 10 in Unarmed Combat
  8427 | D:9      | Reached skill level 5 in Invocations
  8474 | D:9      | Reached **** piety under Yredelemnul
  8572 | D:9      | Noticed a red ugly thing
  8585 | D:9      | Killed a red ugly thing
  8599 | D:9      | Reached XP level 11. HP: 95/105 MP: 6/13
  8613 | D:9      | Noticed a deep elf pyromancer
  8629 | D:9      | Killed a deep elf pyromancer
  9175 | D:10     | Entered Level 10 of the Dungeon
  9469 | D:4      | Killed p0werm0de's ghost
  9694 | D:10     | Found an opulent altar of Gozag.
  9694 | D:10     | Found a radiant altar of Vehumet.
  9701 | D:10     | Found a shimmering blue altar of Sif Muna.
  9703 | D:10     | Found a shimmering altar of Xom.
  9703 | D:10     | Found a snail-covered altar of Cheibriados.
  9705 | D:10     | Noticed Gastronok
  9745 | D:10     | Killed Gastronok
  9746 | D:10     | Reached skill level 11 in Unarmed Combat
 10243 | D:10     | Found a staircase to the Orcish Mines.
 10584 | D:7      | Bought a scroll of teleportation for 36 gold pieces
 10584 | D:7      | Bought a scroll of teleportation for 36 gold pieces
 10584 | D:7      | Bought a scroll of blinking for 90 gold pieces
 10584 | D:7      | Bought a scroll of vulnerability for 90 gold pieces
 10626 | D:7      | Bought a ring of see invisible for 150 gold pieces
 10658 | Lair:1   | Entered Level 1 of the Lair of Beasts
 10884 | Lair:1   | Noticed a wolf spider
 10985 | Lair:1   | Killed a wolf spider
 10986 | Lair:1   | Reached XP level 12. HP: 106/118 MP: 15/15
 11014 | Lair:1   | Reached ***** piety under Yredelemnul
 11419 | Lair:1   | Found a blossoming altar of Fedhas.
 11429 | Lair:1   | Reached skill level 12 in Unarmed Combat
 11557 | Lair:2   | Noticed a four-headed hydra
 11564 | Lair:2   | Killed a four-headed hydra
 12303 | Lair:3   | Noticed a boulder beetle
 12303 | Lair:3   | Noticed an eight-headed hydra
 12495 | Lair:3   | You fall into a shaft and drop 3 floors!
 12495 | Lair:6   | Entered Level 6 of the Lair of Beasts
 12588 | Lair:5   | Found a transporter.
 12599 | Lair:5   | Found a transporter.
 12609 | Lair:5   | Found a bloodstained altar of Trog.
 12609 | Lair:5   | Noticed Capogack's ghost (journeyman MiFi)
 12803 | Lair:3   | Killed a boulder beetle
 12889 | Lair:3   | Killed an eight-headed hydra
 13005 | Lair:3   | Noticed Fannar
 13018 | Lair:3   | Killed Fannar
 13105 | Lair:3   | Noticed a five-headed hydra
 13109 | Lair:3   | Killed a five-headed hydra
 13110 | Lair:3   | Reached skill level 13 in Unarmed Combat
 13342 | Lair:3   | Reached XP level 13. HP: 100/127 MP: 17/17
 13345 | Lair:3   | Reached ****** piety under Yredelemnul
 13369 | Lair:3   | Noticed Prince Ribbit
 13377 | Lair:3   | Killed Prince Ribbit
 13465 | Lair:3   | Found a staircase to the Snake Pit.
 13595 | Lair:3   | Noticed a fire dragon
 13612 | Lair:3   | Killed a fire dragon
 13612 | Lair:3   | Enslaved a fire dragon
 14288 | Lair:4   | Noticed Rupert
 14294 | Lair:4   | Paralysed by Rupert for 4 turns
 14300 | Lair:4   | Killed Rupert
 14300 | Lair:4   | Enslaved Rupert
 14507 | Lair:4   | Found a staircase to the Shoals.
 14947 | Lair:5   | Found a staircase to the Slime Pits.
 15786 | Lair:6   | Reached skill level 14 in Unarmed Combat
 15864 | Lair:6   | Paralysed by a hornet for 2 turns
 16027 | Lair:6   | Reached skill level 10 in Throwing
 16135 | Lair:6   | Reached XP level 14. HP: 103/137 MP: 10/20
 16435 | Lair:6   | Reached skill level 10 in Invocations
 16777 | Lair:6   | Identified the +5 ring mail of Recklessness {Harm Rampage
                  | +Blink Dex-3}
 16823 | Lair:6   | !bestwep
 18195 | D:11     | Found a hide-covered altar of Uskayaw.
 18335 | D:11     | Reached skill level 15 in Unarmed Combat
 19124 | D:12     | Found a runed translucent gate.
 19125 | D:12     | Found a runed translucent gate.
 19125 | D:12     | Found a runed translucent gate.
 19126 | D:12     | Noticed Yorgos's ghost (journeyman DsBe)
 19126 | D:12     | Noticed RNPValinor's ghost (journeyman VSFi)
 19126 | D:12     | Noticed Yorgos's ghost (journeyman MiBe)
 19152 | D:12     | Killed Yorgos's ghost
 19160 | D:12     | Killed Yorgos's ghost
 19162 | D:12     | Killed RNPValinor's ghost
 19168 | D:12     | Identified the +4 hunting sling "Ysuitilo" {freeze, rCorr
                  | Str+2}
 19191 | D:12     | !bestwep
 19197 | D:12     | !bestwep
 19259 | D:12     | Identified the +7 hand axe "Xurawn" {freeze, Stlth+}
 19763 | D:13     | Noticed Snorg
 19772 | D:13     | Killed Snorg
 19819 | D:13     | Reached XP level 15. HP: 148/148 MP: 22/22
 20235 | D:13     | Noticed Kirke
 20249 | D:13     | Your ally Snorg died
 20252 | D:13     | Noticed Nessos
 20254 | D:13     | Killed Kirke
 20255 | D:13     | Reached skill level 1 in Evocations
 20263 | D:13     | Killed Nessos
 20608 | D:14     | Noticed Josephine
 20616 | D:14     | Killed Josephine
 20722 | D:14     | Found a basalt altar of Yredelemnul.
 21024 | D:14     | Paralysed by a hornet for 1 turns
 21453 | D:14     | You fall into a shaft and drop 1 floor!
 21453 | D:15     | Entered Level 15 of the Dungeon
 21560 | D:15     | Found a white marble altar of Elyvilon.
 21760 | D:15     | Reached skill level 16 in Unarmed Combat
 22051 | D:14     | Found a gate to the Vaults.
 22396 | Orc:1    | Entered Level 1 of the Orcish Mines
 22629 | Orc:1    | Reached skill level 10 in Dodging
 23048 | Orc:1    | Identified a scroll of acquirement
 23049 | Orc:1    | Acquired 787 gold pieces
 23196 | Orc:2    | Entered Level 2 of the Orcish Mines
 23302 | Orc:2    | Noticed an orc warlord
 23381 | Orc:2    | Found Zojir's Antique Armour Boutique.
 23396 | Orc:2    | Reached skill level 10 in Fighting
 23499 | Orc:2    | Killed an orc warlord
 23645 | Orc:2    | Bought a glowing robe for 66 gold pieces
 23732 | Orc:2    | Found Taep's Jewellery Shoppe.
 23750 | Orc:2    | Found Yteap's General Store.
 23971 | Orc:2    | Found an iron altar of Okawaru.
 23979 | Orc:2    | Found a staircase to the Elven Halls.
 24017 | Orc:2    | Found Cizoink's Antique Weapon Boutique.
 24811 | D:15     | Reached XP level 16. HP: 155/158 MP: 23/23
 24837 | D:15     | Found a staircase to the Depths.
 25222 | Orc:2    | Bought a ring of poison resistance for 260 gold pieces
 25379 | Snake:1  | Entered Level 1 of the Snake Pit
 25647 | Snake:1  | Found Wel Zeoj's Book Shop.
 25993 | Snake:1  | Found Betazeem's Weapon Shoppe.
 25995 | Snake:1  | Found Seehicaf's Weapon Shoppe.
 25995 | Snake:1  | Found Weotukig's General Store.
 26018 | Snake:1  | Found Zubbepeo's Jewellery Emporium.
 26028 | Snake:1  | !bestwep
 26564 | Snake:1  | Reached skill level 17 in Unarmed Combat
 26801 | Snake:1  | Found Siaddeopp's Antique Armour Shop.
 26804 | Snake:1  | Bought a kite shield for 112 gold pieces
 27093 | Snake:1  | Reached skill level 1 in Shields
 27890 | Snake:2  | Identified the +8 battleaxe "Transmigrator" {speed, Drain
                  | Str+5 Dex+6}
 27903 | Snake:2  | !bestwep
 27910 | Snake:2  | !bestwep
 29191 | Snake:3  | Noticed Louise
 29204 | Snake:3  | Killed Louise
 29216 | Snake:3  | Reached skill level 5 in Evocations
 29905 | Snake:4  | Entered Level 4 of the Snake Pit
 29927 | Snake:4  | Reached XP level 17. HP: 123/169 MP: 25/25
 30109 | Snake:4  | Noticed Aizul
 30122 | Snake:4  | Killed Aizul
 31488 | Snake:4  | Got a serpentine rune of Zot
 31996 | Shoals:1 | Entered Level 1 of the Shoals
 32190 | Orc:2    | Bought a potion of flight for 33 gold pieces
 32408 | Shoals:1 | Noticed Donald
 32437 | Lair:4   | HP: 6/170 [poisoned by Donald]
 32546 | Shoals:1 | Killed Donald
 32707 | Shoals:1 | Noticed Nikola
 32772 | Shoals:1 | Killed Nikola
 32813 | Shoals:1 | HP: 4/170 [merfolk impaler (27)]
 32814 | Shoals:1 | Succumbed to a merfolk impaler's poison

Illustrated notes ...≈.§.≈<..≈..#........ ...≈...≈≈≈≈≈....†...... .#.≈..§.......###.##### #.≈.....§........# #§≈≈≈≈≈§§....######## #.....§....#.##...... ######.##............ #........#.##### #.#...#...@# #.#.......†h...... ##.##.##.###..## ......##.# .# ###.#####.# # #.# ... #.# Turn 31 on D:1: !bestwep #.....##......... #.....#....)..... #.....#.......... #.....#....>..... #.....#...†...... #######.......... ###........ ####### #........ #@....# #........ #.....####........ ######................. ...........####........ ...<.......# #......(. ...........# ######### .......###.# .......# #.# ....... #.# Turn 1259 on D:2: !bestwep ......................# ##..#......≈≈≈≈≈......# ###.#....≈≈≈≈≈≈≈≈≈....# .......≈≈≈≈≈≈≈≈≈≈≈≈≈..# ###...≈≈≈≈≈≈≈≈≈≈≈≈≈≈≈.# ##..≈≈≈≈≈≈...≈≈≈≈≈≈.# #..≈≈≈≈≈≈.>.≈≈≈≈≈≈.# #..≈≈≈≈≈≈...Z≈≈≈≈≈.# #...≈≈≈≈≈≈≈≈Z@≈≈≈..### # #.....≈≈≈≈≈≈Z≈Z....... # #.......≈≈≈≈≈.Z....### # #..................# # #.#.)...##.#.......# # #.##)...##.#.......# # #...)...##.#.......# # ####...###.######### #######)......# Turn 5889 on D:6: !bestwep #....ZZ..)#....####...Z##..... ####......................Z...... ...)...........######..######.... ...)).........##. #### ##... ...)..######Z.#.# #.Z. ......# #.Z#.# #..# .....## #..#)### #Z.# .....# #..#Z#Z## #Z.# .....# #..##@#Z# ##..# .....# #...###Z# #+###...# .....# #.......######.......# ###### ##.....##8$}8##Z#...## ####..#8....8#.##### #..+H.....+Z# #..+......+Z# #..#8.T..8#Z# #..##8}?8##Z# Turn 6688 on D:7: !bestwep ).............# ##########....#..... ...# #........#....#.... ...# '........#....#.... ....# #........#....#...####....# #........#'#..#...#......# ##.........#..#...#......# .#.........#..#)..#.)....# .#.........#..##@##......# .#+.########...)Z..).....# ........................# ####......####+##........# ###.. #........# ##.. .....#.......## ..#.....'.......# ..#.....'.......### #.#.....##..>.....# Turn 8123 on D:9: !bestwep #Z......#####.....Z###....P..... #Z.Z..###..###..#...?###..P.#.#. ##ZZZ###.Z:...#.Z#.##ZZZ###..#... #ZZ###....##..#.Z#.?##....#####Z. #..#..ZZ.##..##..##..##.....#.Z#. ....Z...##..Z#....#...##Z.Z...... .#.....##...##....##...##........ ......##..Z.#...Z..#....##..P#... ###..##....##...@..##....##...... #####....#...[....#....###.###. #.P.PZ##(####.##.....###.### #......#### ###......# ####. ##...PZ...# #..###..## #### ##....ZZ.# ### ##..###... #..#...P# #...#.... #.##.#..# #......#. ######.##### #....##.. Turn 16823 on Lair:6: !bestwep ############ #..........# ...........# #.......(..# .#########.# #.........Z# .# +.# #...######Z# .# +.#### #...# +Z#### .# #...Z#####...# #..... .#########..ZZ........# #..... ...........#######....# #..... ........Z.##..8Z@##...######..... .........##8..VZn8##.........#### ##########)....Z..!#.........# .........#♣.......♣#####.Z...# .........#⌠.......⌠# #....Z# .........#♣.......♣# ..#..ZZ.# .........####'''####...#ZZ...# Z........#.............+.....# ####.....#........######Z...## Turn 19191 on D:12: !bestwep

#......#########.# #........
#......# +.# #...##### .......#
+.#### #...# ....^..#
#...Z#####...#
.......#########..ZZ........#
....[............#######....#
..............Z.##..8.)##...#####
...............##8..)..8##.......
.)..############@ZZVZ...!#.......
).).#..........#♣.......♣#####.Z.
)...+..........#⌠.n.....⌠# #...
....#..........#♣.......♣# ..#..Z
#####..........####'''####...#ZZ.
+....ZZ........#.............+...
#..#######.....#........######Z..
##.# #.....##...........ZZ...
##.# #Z.....#..#########.....


Turn 19197 on D:12: !bestwep ##.....## #... ##.......## #.. ##....∩....## #.##
##...........###..# #.#........Z..).#...### #.....∩.Z#Z.∩)......#.###
###.....ZZ......##......# ##....ZZ.....###..###### ##....@....###)Z..#...#
##.......####.Z.)#...# ##.....###.Z..####..# ##...###..####.....) ##.##
#...#....#)## #...##...##. ##... .#........####.... .##.###..##.Z.Z...
......#.##........ Turn 26028 on Snake:1: !bestwep ..#......ZZZZ..#
......#..#..#### ###...#.###.#.... .#....#.#.###..$. .#^.###.....# ... #
.#.##.......# #.####.## ............###....... ..##.>....Z...#.Z..#
..#.........Z.#Z@.# ###........Z.##ZZ##... .)..........##ZZ.......
..#####..##..Z...#..... ......####..####.#..... ............. ..# ....
.....###..... .## ##.. ....## #...... # #. #..## ##...#. Turn 27903 on Snake:2:
!bestwep ..#......ZZZZ..# ......#..#..#### ###...#.###.#.... .#....#.#.###..$. #
.#^.###.....# ... .# .#.##.......# #.####.## ............###.......
..##.>....Z...#.Z..# ..#.........Z.#.@Z# ###........Z.##ZZ##...
.)..........##ZZZZ..... ..#####..##....Z.#..... ......####..####.#.....
............. ..# .... .....###..... .## ##.. ....## #...... # #. #..## ##...#.
Turn 27910 on Snake:2: !bestwep

Levels and vault maps discovered:
D:1:      ebering_trefoil_twist, layout_basic, serial_shops,
          nicolae_shop_hallway_stairs, hellmonk_ecumenical_altar_leap_of_faith
D:2:      layout_basic
D:3:      layout_basic, hellmonk_ghost_happy_afterlife, cheibrodos_gnoll_hut
D:4:      layout_loops_corners, gammafunk_ghost_abyssal_escape
D:5:      layout_basic, grunt_temple_overflow_holy_war, gup_sewer_entry_spiral,
          serial_shops, nicolae_shop_hallway_plus
D:6:      layout_basic, overflow_temple_1_default, temple_pool_b, sigmund_army,
          uniq_edmund
D:7:      layout_basic, serial_shops, kennysheep_little_box,
          nicolae_take_the_stairs, minmay_hollow_rounded_squares
D:8:      layout_loops_ring, serial_shops, shop, fungi_pond_lemuel, uniq_harold,
          uniq_joseph
D:9:      layout_irregular_city, grunt_lair_entry_orc_guard_hut,
          minmay_alternating_orb
D:10:     layout_gridville, grunt_temple_overflow_open, orc_0_dummy,
          serial_park_tiny_1, minmay_misc_feat_ornament, feat_on_display,
          uniq_gastronok
D:11:     nzn_winding_woodlands_small [nzn_winding_woodlands_5x15_eye,
          nzn_winding_woodlands_center_lodge,
          nzn_winding_woodlands_5x15_crooked], layout_basic,
          small_statue_intersection, dancing_weapons_uskayaw
D:12:     layout_irregular_city, gammafunk_ghost_cemetery,
          minmay_increasing_density
D:13:     layout_basic, uniq_snorg, uniq_nessos, uniq_kirke
D:14:     layout_cave_pods, david_vaults_4, yredelemnul_altar_generic,
          st_stairs_3, uniq_josephine
D:15:     grunt_enter_depths_magical_seal, layout_irregular_city,
          elyvilon_altar_4
Temple:   minmay_temple_curvy_branch
Lair:1:   minmay_lair_venomous_thicket, layout_cave_shapes,
          chequers_serial_rivers_micro_a, hangedman_tree_tricks,
          lemuel_fruit_tree
Lair:2:   layout_roguey, grunt_megastairs_1
Lair:3:   dragon1_lemuel, layout_regular_city,
          minmay_snake_entry_guardpost_medium, uniq_prince_ribbit2, uniq_fannar
Lair:4:   layout_layer_cave, minmay_shoals_entry_beasts, pond,
          infiniplex_staircase_pool, uniq_rupert
Lair:5:   layout_cellular_growth, minmay_slime_entry_pillars,
          gammafunk_ghost_wrathful_warriors
Lair:6:   hangedman_lair_caniforms_friends, layout_loops_ring,
          hangedman_lair_tendril_chambers
Shoals:1: layout_shoals, serial_shops, nicolae_shop_trees, uniq_frances,
          uniq_nikola, uniq_donald
Snake:1:  layout_honeycomb, serial_shops, nicolae_shop_behind_doors,
          nicolae_shop_trees, grunt_ministairs_9, grunt_megastairs_3,
          minmay_shoptagon
Snake:2:  layout_honeycomb
Snake:3:  layout_grid_maze, uniq_louise
Snake:4:  johnstein_snake_rune_scales, layout_chambers, grunt_megastairs_4,
          uniq_aizul
Orc:1:    layout_caves, guppyfry_library_mini
Orc:2:    grunt_orc_gardens, layout_caves, grunt_orc_garden, grunt_orc_garden,
          grunt_orc_garden, grunt_orc_garden, okawaru_metal_pillars_3

Skill      XL: |  1  2  3  4  5  6  7  8  9 10 11 12 13 14 15 16 17 |
---------------+----------------------------------------------------+-----
Unarmed Combat | 1 2 3 4 5 7 8 10 11 13 14 15 16 17 | 17.6
Fighting       | 2 3 4 5 6 7 8 9 10 11 | 11.1
Dodging        | 2 3 4 5 6 7 8 9 10 11 | 11.8
Throwing       | 4 5 6 7 8 9 10 11 12 | 12.0
Invocations    | 2 3 5 6 7 9 11 12 | 12.7
Evocations     | 3 5 6 |  6.0
Shields        | 2 4 |  4.0
Stealth        | |  0.3

Action                   |  1- 3 |  4- 6 |  7- 9 | 10-12 | 13-15 | 16-18 || total
-------------------------+-------+-------+-------+-------+-------+-------++-------
Melee: Unarmed           |    90 |   132 |   289 |   516 |   980 |   523 ||  2530
       Short sword       |     7 |       |       |       |       |       ||     7
       Punch             |       |     3 |    13 |    43 |   113 |    31 ||   203
Throw: Stone             |       |    52 |    48 |    39 |     9 |       ||   148
       Dart              |       |     4 |     7 |    19 |     7 |       ||    37
       Large rock        |       |       |       |     4 |     6 |     1 ||    11
Invok: Dark Bargain      |       |       |     1 |     3 |     8 |     3 ||    15
       Recall Undead Har |       |       |     3 |     5 |    22 |    16 ||    46
       Drain Life        |       |       |       |     1 |    13 |     6 ||    20
       Bind Soul         |       |       |       |     2 |     2 |       ||     4
Evoke: Wand              |       |       |       |     2 |       |     2 ||     4
  Use: Scroll            |     2 |     8 |     8 |     9 |     6 |     3 ||    36
       Potion            |       |       |       |     3 |     2 |     9 ||    14
 Stab: Sleeping          |     1 |       |     3 |     2 |       |     1 ||     7
       Distracted        |       |       |     1 |     5 |     8 |    11 ||    25
       Invisible         |       |       |       |     1 |       |       ||     1
       Petrified         |       |       |       |       |     2 |       ||     2
       Paralysed         |       |       |       |       |    19 |    16 ||    35
       Confused          |       |       |       |       |     4 |     3 ||     7
Armor: Robe              |    29 |    46 |    69 |    76 |   196 |    73 ||   489
Dodge: Dodged            |    49 |    61 |   141 |   378 |   692 |   373 ||  1694
Block: Kite shield       |       |       |       |       |       |   103 ||   103

Table legend: (Time is in decaauts)
 A = Elapsed time spent in this place.
 B = Non-inter-level travel time spent in this place.
 C = Inter-level travel time spent in this place.
 D = Time resting spent in this place.
 E = Time spent auto-exploring this place.
 F = Levels seen in this place.
 G = Mean time per level.
                   A        B        C        D        E       F      G
               +--------+--------+--------+--------+--------+-----+--------+
         Total |  32374 |  29228 |   3146 |   1104 |  19959 |  30 | 1079.1 |
       Dungeon |  16470 |  14642 |   1828 |    350 |   9603 |  15 | 1098.0 |
        Temple |      1 |      1 |      0 |      0 |      0 |   1 |    1.0 |
          Lair |   7045 |   6389 |    656 |    338 |   4388 |   6 | 1174.2 |
        Shoals |    337 |    330 |      7 |    143 |     33 |   1 |  337.0 |
     Snake Pit |   6323 |   5954 |    369 |    273 |   4577 |   4 | 1580.8 |
  Orcish Mines |   1872 |   1587 |    285 |      0 |   1203 |   2 |  936.0 |
         Sewer |    323 |    323 |      0 |      0 |    154 |   1 |  323.0 |
               +--------+--------+--------+--------+--------+-----+--------+

Top non-repeatable levels by time:
 Snake:1: 1888 daAuts
 Snake:4: 1864 daAuts
  Lair:6: 1659 daAuts
  Lair:3: 1512 daAuts
 Snake:3: 1402 daAuts
    D:14: 1355 daAuts
     D:4: 1336 daAuts
     D:9: 1310 daAuts
     D:7: 1289 daAuts
    D:11: 1247 daAuts
    D:10: 1226 daAuts
 Snake:2: 1167 daAuts
    D:12: 1143 daAuts
    D:15: 1107 daAuts
  Lair:4: 1105 daAuts
